 Dungeon Crawl Stone Soup version 0.31-a0-459-gc8a9bf3d51 (webtiles) character file.

Game seed: 7722394717984579339

37 Ethylacetat the Insei (level 3, 0/20 HPs)
             Began as a Vine Stalker Monk on Aug 4, 2023.
             Slain by a hobgoblin
             ... wielding the +1 mace of Ashenzari's Regard {elec, rN+ Int+3 SInv}
              (2 damage)
             ... on level 2 of the Dungeon.
             The game lasted 00:01:54 (1331 turns).

Ethylacetat the Insei (Vine Stalker Monk)           Turns: 1331, Time: 00:01:55

Health: 0/20       AC:  2    Str: 13    XL:     3   Next: 39%
Magic:  0/5        EV: 13    Int: 10    God:
Gold:   70         SH:  0    Dex: 18    Spells: 4/4 levels left

rFire   . .          .
                       - Unarmed
rCold   . . .        c - orb {light}
rNeg    . . .        a - +0 robe
rPois   .            (no helmet)
rElec   .            (no cloak)
rCorr   .            (no gloves)
SInv    .            (no boots)
Will    .....        (no amulet)
Stlth   +            (no ring)
HPRegen 0.23/turn    (no ring)
MPRegen 0.09/turn

%: guardian spirit
@: glowing
A: fangs 2, magic shield, antimagic bite, no potion heal 2
a: no special abilities


You were on level 2 of the Dungeon.
You visited 1 branch of the dungeon, and saw 2 of its levels.

You collected 70 gold pieces.

Inventory:

Missiles
 i - 3 silver javelins
Armour
 a - a +0 robe (worn)
 c - an orb of light (worn)
Talismans
 f - a blade talisman
Scrolls
 d - 2 scrolls of vulnerability {unknown}
 g - a scroll of revelation {unknown}
 h - 2 scrolls of identify {unknown}
Potions
 b - a potion of ambrosia
 e - a potion of curing {unknown}
 j - 2 potions of heal wounds {unknown}


   Skills:
 + Level 3.0 Fighting
 - Level 2.4 Dodging
 * Level 3.6 Unarmed Combat
 + Level 1.2 Spellcasting
 * Level 0.3 Shapeshifting


You had 4 spell levels left.
You didn't know any spells.
Your spell library contained the following spells:

 Spells                   Type           Power      Damage    Failure   Level
 Sandblast                Erth           0%         2d4       34%         1
 Passwall                 Tmut/Erth      0%         N/A       45%         2
 Stone Arrow              Conj/Erth      0%         3d7       71%         3


Dungeon Overview and Level Annotations

Branches:
Dungeon (2/15)

Altars:

Shops:
D:1 (


Innate Abilities, Weirdness & Mutations

You have extremely sharp teeth.
When hurt, damage is shared between your health and your magic reserves.
Your bite disrupts and absorbs the magic of your enemies.
Potions cannot restore your health.


Message History

You drain its power.
The hobgoblin is heavily wounded.
The hobgoblin barely misses you.
You hit the hobgoblin.
You kill the hobgoblin!
No target in view!
j - 2 bubbling white potions No target in view!
No target in view!
Found a stone staircase leading up.
No target in view!
No target in view!
Things that are here:
a +0 dagger; a +0 sling You see here a +0 whip.
Found a morningstar.
You pick up a book of Geomancy and begin reading...
You add the spells Sandblast, Passwall and Stone Arrow to your library.
No target in view!
Found a helmet.
No target in view!
No target in view!
No target in view!
No target in view!
You see here a +0 morningstar.
A ball python comes into view.
The ball python hisses angrily.
A hobgoblin comes into view.
An adder comes into view.
The hobgoblin shouts!
You hear an angry hiss.
You hear a shout!
A rat comes into view.
A hobgoblin comes into view.
It is wielding the +1 mace of Ashenzari's Regard {elec, rN+ Int+3 SInv}.
A rat and a worm come into view.
The hobgoblin attacks as you move away!
The hobgoblin hits you with the +1 mace of Ashenzari's Regard {elec, rN+ Int+3 SInv}!
You are electrocuted!
* * * LOW HITPOINT WARNING * * *
The hobgoblin attacks as you move away!
The hobgoblin hits you with the +1 mace of Ashenzari's Regard {elec, rN+ Int+3 SInv}.
You die...

...~. .~.#
#.# .....
.~.# #.#
...r.####.~.#
#.#
...~......~.#
#.#
..r⌠⌠.~⌠⌠~~.#
#.#
.....S.....
#.# #..g..w#
#.# #Sg## #.#
##@.# #.#
##.## #.#
#..# #.#
##.######.#
#).....#.#
######.#.#
#.#.##
#.).^##
####..####


You could see a worm, an adder, 2 hobgoblins, a ball python and 2 rats.

Vanquished Creatures
  2 dart slugs
  5 endoplasms (D:1)
  2 giant cockroaches (D:1)
  2 goblins (D:2)
  5 hobgoblins
  2 ball pythons (D:1)
  6 bats
  A frilled lizard (D:1)
  3 kobolds
  2 rats (D:1)
30 creatures vanquished.

Notes
Turn   | Place    | Note
-------+----------+-------------------------------------------
     0 | D:1      | Ethylacetat the Vine Stalker Monk began the quest for the
                  | Orb.
     0 | D:1      | Reached XP level 1. HP: 11/11 MP: 2/2
   210 | D:1      | Reached XP level 2. HP: 14/16 MP: 3/3
   292 | D:1      | Found Wyphe's Antique Weapon Shop.
   415 | D:1      | Reached skill level 1 in Spellcasting
   513 | D:1      | Reached XP level 3. HP: 16/20 MP: 3/5
  1328 | D:2      | Identified the +1 mace of Ashenzari's Regard {elec, rN+
                  | Int+3 SInv}
  1331 | D:2      | Slain by a hobgoblin

Illustrated notes

Levels and vault maps discovered:
D:1:      denvon_arrival_planthouse, layout_basic, serial_shops, shop,
          serial_corexii_hall, chequers_hall_statues_y, corexii_hall_statues_i,
          hex_large
D:2:      layout_basic, serial_shops, shop, shapermc_ecumenical_altar_acropolis

Skill      XL: |  1  2 |
---------------+-------+-----
Spellcasting   | 1 |  1.2
Fighting       | 3 |  3.0
Dodging        | |  2.4
Unarmed Combat | |  3.6
Shapeshifting  | |  0.3

Action                     || total
---------------------------++-------
  Melee: Unarmed           ||    64
         Bite              ||    26
 Armour: Robe              ||    20
  Dodge: Dodged            ||    31

Table legend: (Time is in decaauts)
 A = Elapsed time spent in this place.
 B = Non-inter-level travel time spent in this place.
 C = Inter-level travel time spent in this place.
 D = Time resting spent in this place.
 E = Time spent auto-exploring this place.
 F = Levels seen in this place.
 G = Mean time per level.
                   A        B        C        D        E       F      G
               +--------+--------+--------+--------+--------+-----+--------+
         Total |   1326 |   1301 |     25 |      0 |   1120 |   2 |  663.0 |
       Dungeon |   1326 |   1301 |     25 |      0 |   1120 |   2 |  663.0 |
               +--------+--------+--------+--------+--------+-----+--------+

Top non-repeatable levels by time:
     D:1: 1075 daAuts
     D:2: 250 daAuts
